 Dungeon Crawl Stone Soup version 0.30-a0-908-g5a111fc481 (webtiles) character file.

Game seed: 8231167662281259784

105 Grimbledike the Chiller (level 4, -2/32 HPs)
             Began as a Gnoll Ice Elementalist on Mar 19, 2023.
             Slain by Terence
             ... wielding a +0 flail
              (5 damage)
             ... on level 2 of the Dungeon.
             The game lasted 00:14:11 (1670 turns).

Grimbledike the Chiller (Gnoll Ice Elementalist)    Turns: 1670, Time: 00:14:12

Health: -2/32      AC:  2    Str:  8    XL:     4   Next: 81%
Magic:  10/11      EV: 13    Int: 16    God:
Gold:   170        SH:  0    Dex: 12    Spells: 6/13 levels left

rFire   . . .      SeeInvis .    a - staff of cold
rCold   + . .      Faith    .    (no shield)
rNeg    . . .      Spirit   .    c - +0 robe
rPois   .          Reflect  .    (no helmet)
rElec   .          Rampage  .    (no cloak)
rCorr   .                        (no gloves)
Will    .....                    (no boots)
Stlth   +++                      (no amulet)
HPRegen 0.25/turn                (no ring)
MPRegen 0.12/turn                (no ring)

@: no status effects
A: fangs 1, strong nose, distributed training
a: no special abilities


You were on level 2 of the Dungeon.
You visited 1 branch of the dungeon, and saw 2 of its levels.

You collected 170 gold pieces.

Inventory:

Hand Weapons
 b - a +0 sling
 r - a +0 dagger
Armour
 c - a +0 robe (worn)
Magical Staves
 a - a staff of cold (weapon)
Jewellery
 g - a ring of resist corrosion
Scrolls
 d - 3 scrolls of teleportation {unknown}
 e - a scroll of poison {unknown}
 i - a scroll of magic mapping {unknown}
 j - a scroll of brand weapon {unknown}
 k - a scroll of identify {unknown}
 m - a scroll of vulnerability {unknown}
Potions
 f - a potion of degeneration {unknown}
 h - a potion of mutation {unknown}
 l - 2 potions of flight {unknown}
 n - a potion of brilliance {unknown}
 o - 2 potions of magic
 p - a potion of resistance {unknown}
 q - a potion of heal wounds {unknown}


   Skills:
 + Level 1.3 Fighting
 + Level 1.3 Short Blades
 + Level 1.3 Long Blades
 + Level 1.3 Axes
 + Level 1.3 Maces & Flails
 + Level 1.3 Polearms
 + Level 1.3 Staves
 + Level 1.3 Ranged Weapons
 + Level 1.3 Throwing
 + Level 1.3 Armour
 + Level 4.7 Dodging
 + Level 4.3 Stealth
 + Level 1.3 Shields
 + Level 1.3 Unarmed Combat
 + Level 5.1 Spellcasting
 + Level 1.0 Conjurations
 + Level 1.0 Hexes
 + Level 1.0 Summonings
 + Level 1.0 Necromancy
 + Level 1.0 Translocations
 + Level 1.0 Transmutations
 + Level 1.0 Fire Magic
 + Level 7.1 Ice Magic
 + Level 1.0 Air Magic
 + Level 1.0 Earth Magic
 + Level 1.0 Poison Magic
 + Level 1.4 Invocations
 + Level 1.3 Evocations


You had 6 spell levels left.
You knew the following spells:

 Your Spells              Type           Power      Damage    Failure   Level
a - Freeze                Ice            100%       1d10      1%          1
b - Frozen Ramparts       Ice            80%        1d13      2%          3
c - Ozocubu's Armour      Ice            40%        N/A       2%          3

Your spell library contained the following spells:

 Spells                   Type           Power      Damage    Failure   Level
 Summon Ice Beast         Ice/Summ       26%        N/A       26%         4


Dungeon Overview and Level Annotations

Branches:
Dungeon (2/15)

Altars:
Ashenzari

Annotations:
D:2 Terence


Innate Abilities, Weirdness & Mutations

You have very sharp teeth.
Your uncanny sense of smell can sniff out nearby items.
Your experience applies equally to all skills.


Message History

Terence is heavily wounded.
Terence misses you.
You barely miss Terence.
Terence is heavily wounded.
Terence hits you with a +0 flail.
* * * LOW HITPOINT WARNING * * *
You hit Terence but do no damage.
Terence is heavily wounded.
Terence closely misses you.
You hit Terence.
Terence is heavily wounded.
Terence closely misses you.
You closely miss Terence.
Terence is heavily wounded.
Terence barely misses you. x2
You closely miss Terence. You punch Terence, but do no damage.
Your bite misses Terence.
Terence is heavily wounded.
Terence hits you with a +0 flail.
* * * LOW HITPOINT WARNING * * *
You hit Terence but do no damage.
Terence is heavily wounded.
Terence hits you with a +0 flail.
* * * LOW HITPOINT WARNING * * *
You hit Terence but do no damage.
Terence is heavily wounded.
Terence closely misses you.
You hit Terence but do no damage.
Terence is heavily wounded.
Terence misses you.
You barely miss Terence.
Terence is heavily wounded.
Terence closely misses you.
You hit Terence but do no damage. You freeze Terence.
Terence is severely wounded.
Terence misses you.
You barely miss Terence. You punch Terence, but do no damage.
Terence is severely wounded.
Terence hits you with a +0 flail.
You die...

......................>...>.#....
###################.........#....
###### #.##......#.... .....#
###.........'.... .....#
#...........#.... .....#
#...........#.... .....#
##...........#.... .....#
#............#..[. .....#
#@...##......#.#.. .....#
#.@..##........... .....#####
#....##.....###... .........#
#....##.....# #... ###†.....#
............###<.. #......#
.................. ##.#####
...(.....###....... #....#
.........# #....).. ####.## ...
#.......


You could see Terence.

Vanquished Creatures
  5 adders (D:2)
  5 dart slugs
  5 ball pythons
  4 endoplasms
  5 giant cockroaches
  2 goblins (D:2)
  3 hobgoblins
  6 kobolds
  3 quokkas
  4 bats
  3 frilled lizards
  3 rats
48 creatures vanquished.

Notes
Turn   | Place    | Note
-------+----------+-------------------------------------------
     0 | D:1      | Grimbledike the Gnoll Ice Elementalist began the quest for
                  | the Orb.
     0 | D:1      | Reached XP level 1. HP: 13/13 MP: 6/6
   173 | D:1      | Reached XP level 2. HP: 19/19 MP: 3/7
   678 | D:1      | Reached skill level 5 in Spellcasting
   678 | D:1      | Reached XP level 3. HP: 25/25 MP: 5/9
   976 | D:1      | Learned a level 3 spell: Frozen Ramparts
   980 | D:1      | Learned a level 3 spell: Ozocubu's Armour
  1062 | D:2      | Reached skill level 1 in Invocations
  1082 | D:2      | Reached skill level 1 in Fighting
  1082 | D:2      | Reached skill level 1 in Short Blades
  1082 | D:2      | Reached skill level 1 in Long Blades
  1082 | D:2      | Reached skill level 1 in Axes
  1082 | D:2      | Reached skill level 1 in Maces & Flails
  1082 | D:2      | Reached skill level 1 in Polearms
  1082 | D:2      | Reached skill level 1 in Staves
  1082 | D:2      | Reached skill level 1 in Ranged Weapons
  1082 | D:2      | Reached skill level 1 in Throwing
  1082 | D:2      | Reached skill level 1 in Armour
  1082 | D:2      | Reached skill level 1 in Shields
  1082 | D:2      | Reached skill level 1 in Unarmed Combat
  1082 | D:2      | Reached skill level 1 in Evocations
  1252 | D:2      | Reached XP level 4. HP: 32/32 MP: 8/11
  1304 | D:2      | Reached skill level 1 in Conjurations
  1304 | D:2      | Reached skill level 1 in Hexes
  1304 | D:2      | Reached skill level 1 in Summonings
  1304 | D:2      | Reached skill level 1 in Necromancy
  1304 | D:2      | Reached skill level 1 in Translocations
  1304 | D:2      | Reached skill level 1 in Transmutations
  1304 | D:2      | Reached skill level 1 in Fire Magic
  1304 | D:2      | Reached skill level 1 in Air Magic
  1304 | D:2      | Reached skill level 1 in Earth Magic
  1304 | D:2      | Reached skill level 1 in Poison Magic
  1611 | D:2      | Found a broken altar of Ashenzari.
  1645 | D:2      | Noticed Terence
  1665 | D:2      | HP: 1/32 [Terence/+0 flail (4)]
  1670 | D:2      | Slain by Terence

Illustrated notes

Levels and vault maps discovered:
D:1:      lightli_arrival_chessboard, layout_basic
D:2:      layout_basic, basic_altar, chequers_decorated_corner,
          minmay_increasing_density, uniq_terence

Skill      XL: |  1  2  3  4 |
---------------+-------------+-----
Spellcasting   | 5 |  5.1
Invocations    | 1 |  1.4
Fighting       | 1 |  1.3
Short Blades   | 1 |  1.3
Long Blades    | 1 |  1.3
Axes           | 1 |  1.3
Maces & Flails | 1 |  1.3
Polearms       | 1 |  1.3
Staves         | 1 |  1.3
Ranged Weapons | 1 |  1.3
Throwing       | 1 |  1.3
Armour         | 1 |  1.3
Shields        | 1 |  1.3
Unarmed Combat | 1 |  1.3
Evocations     | 1 |  1.3
Conjurations   | 1 |  1.0
Hexes          | 1 |  1.0
Summonings     | 1 |  1.0
Necromancy     | 1 |  1.0
Translocations | 1 |  1.0
Transmutations | 1 |  1.0
Fire Magic     | 1 |  1.0
Air Magic      | 1 |  1.0
Earth Magic    | 1 |  1.0
Poison Magic   | 1 |  1.0
Dodging        | |  4.7
Stealth        | |  4.3
Ice Magic      | |  7.1

Action                     |  1- 3 |  4- 6 || total
---------------------------+-------+-------++-------
  Melee: Unarmed           |     5 |       ||     5
         Bite              |     3 |     1 ||     4
         Dagger            |    15 |     2 ||    17
         Staff             |       |    15 ||    15
         Punch             |       |     2 ||     2
   Fire: Sling             |       |     7 ||     7
   Cast: Freeze            |    49 |    25 ||    74
         Frozen Ramparts   |     1 |       ||     1
 Armour: Robe              |    14 |     3 ||    17
  Dodge: Dodged            |    30 |    28 ||    58

Table legend: (Time is in decaauts)
 A = Elapsed time spent in this place.
 B = Non-inter-level travel time spent in this place.
 C = Inter-level travel time spent in this place.
 D = Time resting spent in this place.
 E = Time spent auto-exploring this place.
 F = Levels seen in this place.
 G = Mean time per level.
                   A        B        C        D        E       F      G
               +--------+--------+--------+--------+--------+-----+--------+
         Total |   1667 |   1607 |     60 |    591 |    521 |   2 |  833.5 |
       Dungeon |   1667 |   1607 |     60 |    591 |    521 |   2 |  833.5 |
               +--------+--------+--------+--------+--------+-----+--------+

Top non-repeatable levels by time:
     D:1: 1042 daAuts
     D:2: 624 daAuts
